 Dungeon Crawl Stone Soup version 0.25-a0-603-g0321be95db (webtiles) character file.

Game seed: 3976950874139519184, levelgen mode: deterministic

254 An17 the Slasher (level 5, -2/40 HPs)
             Began as a Demonspawn Wanderer on Mar 16, 2020.
             Slain by an orc warrior
             ... wielding a +0 trident
              (13 damage)
             ... on level 7 of the Dungeon.
             The game lasted 00:06:30 (3051 turns).

An17 the Slasher (Demonspawn Wanderer)              Turns: 3051, Time: 00:06:31

Health: -2/40      AC:  7    Str: 11    XL:     5   Next: 90%
Magic:  5/5        EV: 12    Int: 15    God:
Gold:   156        SH:  0    Dex: 13    Spells: 4/4 levels left

rFire    . . .     SeeInvis .   a - +2 falchion
rCold    + . .     Gourm    .   (no shield)
rNeg     . . .     Faith    .   e - +3 leather armour
rPois    .         Spirit   .   (helmet restricted)
rElec    .         Reflect  .   (no cloak)
rCorr    +         Harm     .   (no gloves)
MR       .....                  n - +0 pair of boots
Stlth    +.........             (no amulet)
HPRegen  0.13/turn              r - ring of protection from cold
MPRegen  0.09/turn              q - ring of resist corrosion

@: no status effects
A: horns 1, spiny 1
a: no special abilities


You were on level 7 of the Dungeon.
You were not hungry.

You visited 1 branch of the dungeon, and saw 5 of its levels.

You collected 156 gold pieces.

Inventory:

Hand Weapons
 a - a +2 falchion (weapon)
 c - a +0 spear
Missiles
 h - 56 poisoned darts (quivered)
 m - 5 atropa-tipped darts
Armour
 e - a +3 leather armour (worn)
 n - a +0 pair of boots (worn)
Jewellery
 q - a ring of resist corrosion (right hand)
 r - a ring of protection from cold (left hand)
 s - a +3 ring of intelligence
Scrolls
 g - 2 scrolls of fog
 i - a scroll of amnesia
Potions
 b - a potion of lignification
 d - 2 potions of haste
 j - 2 potions of brilliance {unknown}
 k - a potion of stabbing {unknown}
 l - 2 potions of might
 o - a potion of curing {unknown}
 p - a potion of mutation {unknown}
 t - a potion of heal wounds {unknown}
Comestibles
 f - 6 rations


   Skills:
 + Level 2.9 Fighting
 + Level 4.8 Long Blades
 - Level 1.7 Polearms
 + Level 2.1 Armour
 + Level 1.9 Dodging
   Level 1.0 Shields
   Level 1.0 Evocations


You had 4 spell levels left.
You didn't know any spells.
Your spell library was empty.

Dungeon Overview and Level Annotations

Branches:
Dungeon (4/15)
 Temple: D:4-7

Altars:
Fedhas


Innate Abilities, Weirdness & Mutations

You have a pair of small horns on your head.
You are partially covered in sharp spines.


Message History

You kill the orc!
You closely miss the orc priest.
The orc warrior hits you from afar with a +0 trident!
* * * LOW HITPOINT WARNING * * *
The orc priest hits you with a +0 dagger.
* * * LOW HITPOINT WARNING * * *
You hit the orc priest. You headbutt the orc priest.
The orc priest is severely wounded.
The orc warrior barely misses you.
The orc priest is struck by your spines.
The orc priest closely misses you.
You barely miss the orc priest.
The orc priest is almost dead.
The orc warrior hits you but does no damage.
The orc priest misses you.
You hit the orc priest but do no damage.
Your headbutt misses the orc priest.
The orc priest is almost dead.
The orc warrior hits you from afar with a +0 trident!
You die...

## . #. ####
. #. #..#
#.. #..#..#
....
#..#o.#.....
#..)........
#..o@.....##
###########


You could see an orc warrior and an orc priest.

Vanquished Creatures
  3 orc priests
  An orc wizard (D:3)
  5 adders
  4 worms
  3 dart slugs
  2 leopard geckos
  4 orcs
  5 bats
  11 goblins
  9 hobgoblins
  3 jackals (D:1)
  9 kobolds
  3 quokkas (D:2)
  3 frilled lizards
  6 rats
71 creatures vanquished.

Notes
Turn   | Place    | Note
-------+----------+-------------------------------------------
     0 | D:1      | An17 the Demonspawn Wanderer began the quest for the Orb.
     0 | D:1      | An17 set off with the following items: a +2 falchion, a
                  | potion of lignification, a +0 spear, a +0 robe, a ration
     0 | D:1      | Reached XP level 1. HP: 16/16 MP: 1/1
   286 | D:1      | Reached skill level 3 in Long Blades
   290 | D:1      | Gained mutation: You are partially covered in sharp spines.
                  | [demonic ancestry]
   290 | D:1      | Reached XP level 2. HP: 22/22 MP: 2/2
   757 | D:2      | Reached XP level 3. HP: 12/28 MP: 3/3
  1208 | D:2      | Reached skill level 4 in Long Blades
  1208 | D:2      | Gained mutation: You have a pair of small horns on your
                  | head. [demonic ancestry]
  1208 | D:2      | Reached XP level 4. HP: 22/34 MP: 4/4
  2232 | D:3      | Reached skill level 1 in Armour
  2417 | D:3      | Reached XP level 5. HP: 23/40 MP: 5/5
  2701 | D:3      | Found a blossoming altar of Fedhas.
  3043 | D:4      | You fall into a shaft and drop 3 floors!
  3043 | D:7      | Noticed an orc warrior
  3051 | D:7      | Slain by an orc warrior

Levels and vault maps discovered:
D:1:      scummos_arrival_forest, layout_basic, minmay_bisected
D:2:      kb_forest_paths, layout_basic
D:3:      layout_loops_ring, fedhas_altar_4
D:4:      layout_loops_ring, kennysheep_mini, portal_sewer_entry_e,
          gammafunk_ghost_cemetery, uniq_natasha
D:7:      layout_loops_ring, minitemple, grunt_livestock,
          hangedman_abyss_or_decor_stagger

Skill      XL: |  1  2  3  4  5 |
---------------+----------------+-----
Long Blades    | 3 4 |  4.8
Armour         | 1 2 |  2.1
Fighting       | |  2.9
Polearms       | |  1.7
Dodging        | |  1.9
Shields        | |  1.0
Evocations     | |  1.0

Action                   |  1- 3 |  4- 6 || total
-------------------------+-------+-------++-------
Melee: Falchion          |    71 |    72 ||   143
       Headbutt          |       |    14 ||    14
  Use: Scroll            |     4 |     3 ||     7
  Eat: Ration            |       |     2 ||     2
Armor: Leather armour    |    29 |    22 ||    51
Dodge: Dodged            |    51 |    21 ||    72
       Rpst.: Falchion   |    16 |     7 ||    23

Table legend:
 A = Non-vault XP
 B = Vault XP
 C = Vault XP percentage of total XP
 D = Non-vault monster count
 E = Vault monster count
 F = Vault count percentage of total count
                 A         B        C        D         E       F
            +---------+---------+-------+---------+---------+-------
      Total |     330 |      33 |   9.1 |      61 |      10 |  14.1
            +---------+---------+-------+---------+---------+-------
        D:1 |      25 |       8 |  24.2 |      14 |       4 |  22.2
        D:2 |      81 |      25 |  23.6 |      22 |       6 |  21.4
        D:3 |     174 |       0 |   0.0 |      21 |       0 |   0.0
        D:4 |       4 |       0 |   0.0 |       2 |       0 |   0.0
        D:7 |      46 |       0 |   0.0 |       2 |       0 |   0.0
            +---------+---------+-------+---------+---------+-------
